 Dungeon Crawl Stone Soup version 0.18-a0-775-g4d9e04e (webtiles) character file.

88 tof the Insei (level 4, -11/40 HPs)
             Began as a Hill Orc Monk on Dec 13, 2015.
             Mangled by 4thArraOfDagon's ghost (12 damage)
             ... on level 3 of the Dungeon.
             The game lasted 00:10:03 (3167 turns).

tof the Insei (Hill Orc Monk)                       Turns: 3167, Time: 00:10:03

Health: -11/40     AC:  3    Str: 17    XL:     4   Next: 53%
Magic:  4/4        EV: 13    Int: 15    God:
Gold:   120        SH:  0    Dex: 14    Spells: 0 memorised, 3 levels left

rFire  . . .     SeeInvis .     d - +0 hand axe
rCold  . . .     Clarity  .     a - +1 robe
rNeg   . . .     SustAt   .     (no shield)
rPois  +         Gourm    .     (no helmet)
rElec  .         Spirit   .     (no cloak)
rCorr  .         Dismiss  .     (no gloves)
rMut   .         Stasis   .     (no boots)
MR     .....                    (no amulet)
Stlth  ++........               h - +4 ring of strength
                                g - ring of poison resistance

@: brilliant, about to teleport, not resistant to hostile enchantments,
unstealthy
A: no striking features
a: no special abilities


You were on level 3 of the Dungeon.
You were not hungry.

You visited 1 branch of the dungeon, and saw 3 of its levels.

You collected 120 gold pieces.

Inventory:

Hand Weapons
 d - a +0 hand axe (weapon)
Armour
 a - a +1 robe (worn)
Jewellery
 g - a ring of poison resistance (left hand)
 h - a +4 ring of strength (right hand)
Scrolls
 e - a scroll of fog
 f - a scroll of remove curse
 j - a scroll of teleportation
 k - a scroll of magic mapping
 l - 3 scrolls of enchant weapon
Comestibles
 b - 4 bread rations
 c - 2 meat rations
 m - 4 chunks of flesh
 o - a slice of pizza


   Skills:
 + Level 4.1 Fighting
 + Level 1.8 Axes
 + Level 3.2 Dodging
 + Level 2.0 Stealth
 + Level 4.8 Unarmed Combat


You had 3 spell levels left.
You didn't know any spells.

Dungeon Overview and Level Annotations

Branches:
Dungeon (3/15)

Altars:

Annotations:
D:3 4thArraOfDagon's ghost, amateur HOBe; Sigmund


Message History

You feel clever all of a sudden.
You hit 4thArraOfDagon's ghost. 4thArraOfDagon's ghost is lightly damaged. 4thArraOfDagon's ghost hits you. 4thArraOfDagon's ghost closely misses you.
You hit 4thArraOfDagon's ghost. 4thArraOfDagon's ghost is lightly damaged. 4thArraOfDagon's ghost hits you!
You hit 4thArraOfDagon's ghost but do no damage. 4thArraOfDagon's ghost is lightly damaged. 4thArraOfDagon's ghost hits you!
* * * LOW HITPOINT WARNING * * *
Read which item? (? for menu, Esc to quit)
As you read the scroll of teleportation, it crumbles to dust.
You feel strangely unstable. 4thArraOfDagon's ghost hits you!
* * * LOW HITPOINT WARNING * * *
4thArraOfDagon's ghost makes a sound of rattling chains. 4thArraOfDagon's ghost barely misses you. 4thArraOfDagon's ghost hits you!
You die...

#########
#...(...####
#...........
#.......########..
#........)(.......
#....<...###...##.
#.........## #..@#
#@W........# #..
######.....#### #
##.....#.....#
#.....†.......#
#..<............>.
#.................
#.................
#.................
#......<..........


You could see 4thArraOfDagon's ghost.

Vanquished Creatures
  3 adders
  3 worms (D:2)
  A giant gecko (D:2)
  A ball python (D:1)
  2 giant cockroaches (D:1)
  7 goblins
  9 hobgoblins
  7 bats
  3 giant newts
  7 kobolds
  2 quokkas (D:3)
  9 rats
54 creatures vanquished.

Notes
Turn   | Place    | Note
--------------------------------------------------------------
     0 | D:1      | tof the Hill Orc Monk began the quest for the Orb.
     0 | D:1      | Reached XP level 1. HP: 19/19 MP: 1/1
   351 | D:1      | Reached XP level 2. HP: 6/27 MP: 2/2
  1408 | D:1      | Reached XP level 3. HP: 29/33 MP: 3/3
  1487 | D:2      | Reached skill level 1 in Axes
  1946 | D:2      | HP: 1/33 [worm (4)]
  2628 | D:2      | Reached XP level 4. HP: 31/40 MP: 4/4
  3092 | D:3      | Noticed Sigmund
  3150 | D:3      | Noticed 4thArraOfDagon's ghost (amateur HOBe)
  3165 | D:3      | HP: 1/40 [4thArraOfDagon's ghost (9)]
  3167 | D:3      | Mangled by 4thArraOfDagon's ghost

Vault maps used:
D:1:      grunt_arrival_crossed_arrows, minivault_14, minmay_misc_feat_diagonals
D:2:      kennysheep_generic_room_7
D:3:      nicolae_ru_sacrificial_ziggurat, minmay_misc_feat_hallway,
          st_stairs_5, nicolae_ashenzari_panopticon, uniq_sigmund

Action                   |  1- 3 |  4- 6 || total
-------------------------+-------+-------++-------
Melee: Hand axe          |   180 |    44 ||   224
       Unarmed           |     7 |       ||     7
  Use: Scroll            |     8 |     2 ||    10
       Potion            |     2 |     1 ||     3
 Stab: Sleeping          |     7 |       ||     7
  Eat: Chunk             |     3 |       ||     3
       Bread ration      |     1 |       ||     1
